 Dungeon Crawl Stone Soup version 0.22-a0-147-gfdd7f25 (webtiles) character file.

249371 sankara the Hoplite (level 19, -5/130 HPs)
             Began as a Gargoyle Fighter on Feb 5, 2018.
             Was the Champion of Ashenzari.
             Slain by an imperial myrmidon
             ... wielding a +1 scimitar of pain
              (15 damage)
             ... in the Desolation of Salt on Feb 6, 2018.
             The game lasted 04:39:48 (50225 turns).

sankara the Hoplite (Gargoyle Fighter)             Turns: 50225, Time: 04:39:49

Health: -5/130     AC: 42    Str: 30    XL:     19   Next: 59%
Magic:  0/24       EV: 15    Int: 11    God:    Ashenzari [******]
Gold:   3256       SH: 20    Dex: 17    Spells: 18/18 levels left

rFire    . . .     SeeInvis +   a - +9 whip (vamp) (curse)
rCold    + + .     Gourm    .   t - +1 shield "Beyfuf" {rC+ Regen+} (curse)
rNeg     + . .     Faith    .   q - +7 chain mail "Nulovoin" {Dex+7} (curse)
rPois    ∞         Spirit   +   x - +1 hat
rElec    +         Reflect  .   L - +0 cloak
rCorr    .         Harm     .   l - +0 pair of gloves
MR       +....     Clarity  +   F - +0 pair of boots of Least Resistance {rC+}
Stlth    ..........             A - amulet of guardian spirit
HPRegen  0.71/turn              c - ring of protection from magic
MPRegen  0.19/turn              O - ring of protection from magic

@: mighty, vulnerable, flying, very slightly contaminated, invisible
A: big wings, horns 1, negative energy resistance 1, screaming 1, electricity
resistance, unbreathing, petrification resistance, rot immunity, AC +14
}: 2/15 runes: decaying, gossamer
a: Stop Flying, Curse Item, Scrying, Transfer Knowledge, Renounce Religion


You were in the Desolation of Salt.
You worshipped Ashenzari.
Ashenzari was exalted by your worship.
You were not hungry.

You visited 7 branches of the dungeon, and saw 33 of its levels.
You also visited: Labyrinth, Sewer, Bailey and Desolation.

You collected 3616 gold pieces.
You spent 360 gold pieces at shops.

Inventory:

Hand Weapons
 a - a cursed +9 vampiric whip (weapon)
Missiles
 n - 11 javelins of returning
 p - 5 poisoned tomahawks
 s - a throwing net
 G - 7 javelins
 J - 64 tomahawks (quivered)
Armour
 l - a +0 pair of gloves (worn)
 q - the cursed +7 chain mail "Nulovoin" (worn) {Dex+7}
   (You found it in the Desolation of Salt)

   It affects your dexterity (+7).
   It has a curse placed upon it.
 t - the cursed +1 shield "Beyfuf" (worn) {rC+ Regen+}
   (You took it off an ogre mage on level 15 of the Dungeon)

   It protects you from cold.
   It increases your rate of regeneration.
   It has a curse placed upon it.
 x - a +1 hat (worn)
 F - the +0 pair of boots of Least Resistance (worn) {rC+}
   (You found it on level 1 of the Swamp)

   It protects you from cold.
 L - a +0 cloak (worn)
 S - a +0 plate armour of fire resistance
Jewellery
 c - a ring of protection from magic (left hand)
 y - an uncursed ring of resist corrosion
 A - an amulet of guardian spirit (around neck)
 O - a ring of protection from magic (right hand)
Wands
 i - a wand of paralysis (35)
 w - a wand of acid (13)
 z - a wand of iceblast (29)
 D - a wand of enslavement (14)
 E - a wand of clouds (6)
 K - a wand of flame (149)
 M - a wand of scattershot (6)
 P - a wand of disintegration (26)
 Q - a wand of digging (20)
Scrolls
 b - 2 scrolls of silence
 e - 18 scrolls of teleportation
 h - 12 scrolls of remove curse
 k - a scroll of amnesia
 m - 29 scrolls of identify
 r - 4 scrolls of fear
 B - 4 scrolls of fog
 I - a scroll of enchant weapon
 R - 4 scrolls of enchant armour
 U - 2 scrolls of holy word
 W - a scroll of magic mapping
Potions
 j - 14 potions of curing
 u - 2 potions of invisibility
 v - a potion of haste
 C - 3 potions of ambrosia
 N - a potion of cancellation
 X - 3 potions of agility
Miscellaneous
 o - a lamp of fire
 T - 3 boxes of beasts
 Y - a fan of gales (inert)
 Z - a phial of floods (inert)
Comestibles
 f - 46 rations
 H - 4 chunks of flesh


   Skills:
 - Level 18.0 Fighting
 - Level 12.0(16.1) Maces & Flails
 - Level 3.0 Throwing
 + Level 17.9 Armour
 + Level 8.4 Dodging
 - Level 22.9(25.0) Shields
 - Level 7.0 Evocations


You had 18 spell levels left.
You didn't know any spells.

Dungeon Overview and Level Annotations

Branches:
Dungeon (15/15)            Temple (1/1) D:6            Lair (6/6) D:8
  Swamp (4/4) Lair:4       Spider (4/4) Lair:2        Slime (0/5) Lair:6
    Orc (2/2) D:11            Elf (0/3) Orc:2        Vaults (1/5) D:13
 Depths (0/5) D:15

Altars:
Ashenzari
Cheibriados
Dithmenos
Elyvilon
Fedhas
Gozag
Hepliaklqana
Kikubaaqudgha
Makhleb
Nemelex Xobeh
Okawaru
Qazlal
Ru
Sif Muna
Trog
Uskayaw
Vehumet
Wu Jian
Xom
Yredelemnul
Zin
The Shining One

Shops:
D:4 %   D:6 (   D:8 [   D:14 }   Orc:2 ?%?*

Annotations:
D:8 1 exclusion


Innate Abilities, Weirdness & Mutations

You are resistant to torment.
Your stone body is resilient. (AC +14)
You are immune to poison.
Your large and strong wings let you fly indefinitely.
You resist negative energy. (rN+)
You are resistant to electric shocks. (rElec)
You can survive without breathing.
You are immune to petrification.
You are immune to rotting.
You have a pair of small horns on your head.
You occasionally shout uncontrollably at your foes.


Message History

Some of the chunks of flesh in your inventory have rotted away.
Things that are here:
a +0 great mace; a +0 ring mail; a human corpse You feel better.
You block the guardian serpent's attack.
The saltling hits you but does no damage.
The saltling misses you.
Evoke which item? (* to show all) (? for menu, Esc to quit)
A fierce wind blows from the fan.
The monsters around you are blown away!
Evoke which item? (* to show all) (? for menu, Esc to quit)
Aim the phial where?
Press: ? - help, Shift-Dir - straight line, f - imperial myrmidon
Aim: an imperial myrmidon, wielding a scimitar of pain and wearing a ring mail (unusually strong)
The torrent of water misses the imperial myrmidon.
The wave splashes down.
The water rises up and takes form.
The guardian serpent casts a spell.
The imperial myrmidon blinks!
The ragged hierophant blinks!
The saltling blinks! x2
The imperial myrmidon hits you with a scimitar of pain!
You die...

,, ..................... ,,,
........#...........§§.. ,
,,, ,...................§§§..
, , ..............8≈...§§§..,
,, ,
............≈≈≈....§.§.,, ,
,,, ,............§§≈E§...§§..
, ,,,
#...........≈S≈....##§..,,,,
,, , ..........#88.≈....§§#..
, , ,
..........p@p).)§..§.... **
*#########################***
* * #########################
** * *
#########################***
*######################### *
*
#########################***
****
######################### *


You could see a ragged hierophant, an imperial myrmidon, a guardian serpent, 3
saltlings and a friendly water elemental.

Vanquished Creatures
  the Lernaean hydra (Swamp:4)
  Bai Suzhen (Swamp:3)
  Jorgrun (Swamp:4)
  The ghost of SnubMonkey the Fencer, an adept DsBe of Trog (Spider:4)
  2 thorn hunters
  The ghost of tsouns the Spear-Bearer, an adept GnWn of Okawaru (Swamp:3)
  The ghost of KristoblXynda the Carver, a journeyman DrGl of Ashenzari (Lair:6)
  4 emperor scorpions (Spider:4)
  4 ghost moths
  2 imperial myrmidons (Desolation)
  Aizul (Swamp:1)
  5 entropy weavers
  A minotaur (Lab)
  4 spark wasps
  A halazid warlock (Desolation)
  An ettin (D:11)
  2 crystal guardians (Desolation)
  4 ragged hierophants (Desolation)
  8 vault guards (D:13)
  4 servants of whispers (Desolation)
  A peacekeeper (Desolation)
  6 catoblepae
  Erolcha (D:11)
  3 ghost crabs
  13 hydras
  2 centaur warriors
  An ogre mage (D:15)
  A death knight (D:11)
  5 two-headed ogres
  3 alligators
  Urug (D:11)
  A tengu warrior (D:14)
  7 death yaks
  A deep elf knight (D:15)
  5 orc high priests
  A hell knight (D:15)
  8 skeletal warriors
  5 unseen horrors
  An unseen horror (shapeshifter) (D:13)
  13 swamp dragons
  Pikel (D:4)
  3 shambling mangroves
  7 ironbrand convokers (Desolation)
  A wolf spider zombie (D:13)
  8 orc knights
  An orc sorcerer (Orc:2)
  A deep elf mage (D:12)
  22 ugly things
  13 orb spiders
  22 wolf spiders
  3 manticores
  4 cyclopes
  6 elephants (Lair:6)
  Maurice (D:9)
  A moth of wrath (Spider:4)
  A centaur zombie (D:13)
  3 black mambas
  23 spiny frogs
  3 torpor snails
  7 guardian serpents
  2 molten gargoyles (Desolation)
  A gargoyle (D:15)
  5 rime drakes
  4 yaktaurs
  An efreet (D:14)
  A kobold demonologist (D:13)
  7 komodo dragons
  19 demonic crawlers
  A freezing wraith (D:11)
  4 polar bears
  A tengu conjurer (D:14)
  3 trolls
  6 meliai
  35 jumping spiders
  41 saltlings
  A slime creature (shapeshifter) (D:14)
  Prince Ribbit (D:9)
  2 tyrant leeches
  13 dream sheep (Lair:6)
  15 hornets
  16 blink frogs
  18 slime creatures
  14 bog bodies
  11 hippogriffs
  90 redbacks
  Sigmund (D:5)
  2 water elementals
  2 wyverns
  26 tarantellas
  58 yaks
  6 wraiths
  2 shadows
  4 hogs (D:7)
  18 spriggans
  A human (D:7)
  2 basilisks
  17 vampire mosquitoes
  6 hungry ghosts
  Menkaure (D:7)
  2 acid dragons
  7 wargs
  34 swamp worms
  A naga (shapeshifter) (D:15)
  16 insubstantial wisps
  17 water moccasins
  10 porcupines
  57 orc warriors
  12 swamp drakes
  3 sky beasts
  2 slaves (D:4)
  14 ogres
  5 ice beasts
  An eye of draining (D:13)
  A phantom (D:8)
  2 necrophages
  7 boggarts
  13 wolves
  21 centaurs
  11 crocodiles
  4 big kobolds
  25 bullfrogs
  A wyvern skeleton (D:12)
  A water moccasin skeleton (D:8)
  4 scorpions
  6 wights
  4 howler monkeys
  12 electric eels
  7 crimson imps
  7 hounds
  6 jellies
  43 orc priests
  3 centaur skeletons
  A bullfrog skeleton (D:4)
  Terence (D:2)
  6 iguanas
  28 orc wizards
  9 worker ants
  2 hound skeletons
  12 gnolls
  A howler monkey skeleton (D:7)
  13 adders
  A river rat (Sewer)
  7 shadow imps
  4 white imps
  2 ufetubi
  7 oozes
  An adder zombie (D:8)
  2 adder skeletons
  15 worms
  4 leopard geckos
  104 orcs
  6 bats
  6 giant cockroaches
  6 goblins
  4 hobgoblins
  15 jackals
  5 quokkas
  7 ball pythons
  2 frilled lizards (D:1)
  A jackal skeleton (D:5)
  24 kobolds
  A leopard gecko zombie (D:5)
  A quokka skeleton (D:5)
  7 rats
  2 plants (Lair:6)
1383 creatures vanquished.

Vanquished Creatures (collateral kills)
  A jumping spider (Spider:1)
1 creature vanquished.

Vanquished Creatures (others)
  A swamp dragon (Swamp:1)
  A spiny frog (Swamp:1)
  A jumping spider (Spider:3)
  2 blink frogs (Swamp:4)
  A redback (Spider:4)
  3 insubstantial wisps (Swamp:2)
  A swamp drake (Swamp:4)
  A centaur (D:5)
  2 orcs
  A quokka (D:5)
  3 briar patches
  A bush (Lair:6)
  27 fungi
  34 plants
79 creatures vanquished.

Grand Total: 1463 creatures vanquished

Notes
Turn   | Place    | Note
-------+----------+-------------------------------------------
     0 | D:1      | sankara the Gargoyle Fighter began the quest for the Orb.
     0 | D:1      | Reached XP level 1. HP: 14/14 MP: 1/1
   282 | D:1      | Reached XP level 2. HP: 19/19 MP: 2/2
  1236 | D:2      | Reached XP level 3. HP: 22/24 MP: 3/3
  1348 | D:2      | Noticed Terence
  1372 | D:2      | Killed Terence
  1372 | D:2      | Reached XP level 4. HP: 26/29 MP: 4/4
  2008 | D:3      | Reached XP level 5. HP: 34/34 MP: 5/5
  2472 | D:4      | Found a glowing drain.
  2502 | Sewer    | Entered a sewer
  2599 | Sewer    | Reached XP level 6. HP: 39/39 MP: 6/6
  2759 | Sewer    | Reached skill level 5 in Maces & Flails
  2759 | Sewer    | Reached skill level 1 in Dodging
  2984 | D:4      | Reached skill level 5 in Fighting
  3016 | D:4      | Reached skill level 4 in Shields
  3016 | D:4      | Reached XP level 7. HP: 41/44 MP: 7/7
  3104 | D:4      | Found a white marble altar of Elyvilon.
  3461 | D:4      | Found Ymusa's Food Emporium.
  3494 | D:4      | Found a sacrificial altar of Ru.
  3696 | D:5      | Entered Level 5 of the Dungeon
  3696 | D:5      | Noticed Pikel
  3800 | D:4      | Killed Pikel
  3800 | D:4      | Reached XP level 8. HP: 29/52 MP: 8/8
  4174 | D:5      | Found a shimmering altar of Xom.
  4187 | D:5      | Found an ancient bone altar of Kikubaaqudgha.
  4189 | D:5      | Found a blossoming altar of Fedhas.
  4189 | D:5      | Found a bloodstained altar of Trog.
  4284 | D:5      | Noticed Sigmund
  4295 | D:5      | Killed Sigmund
  4305 | D:5      | Found a shadowy altar of Dithmenos.
  4417 | D:5      | Reached XP level 9. HP: 47/57 MP: 9/9
  4825 | D:6      | Found Qiur's Weapon Shop.
  5243 | D:6      | Found a staircase to the Ecumenical Temple.
  5252 | Temple   | Entered the Ecumenical Temple
  5317 | Temple   | Became a worshipper of Ashenzari the Shackled
  6046 | D:7      | Reached skill level 10 in Maces & Flails
  6166 | D:7      | Noticed Menkaure
  6184 | D:7      | Killed Menkaure
  6730 | D:7      | Reached XP level 10. HP: 64/66 MP: 10/10
  7351 | D:7      | Reached skill level 5 in Armour
  7405 | D:7      | Reached skill level 10 in Fighting
  7750 | D:8      | Found a staircase to the Lair.
  7873 | D:8      | Killed an unseen horror
  7873 | D:8      | Reached XP level 11. HP: 32/73 MP: 11/11
  8121 | D:8      | Noticed a two-headed ogre
  8160 | D:8      | Killed a two-headed ogre
  8617 | D:8      | Found Fuyh Lavye's Armour Shop.
  9301 | D:9      | Reached * piety under Ashenzari
  9623 | D:9      | Noticed Prince Ribbit
 10004 | D:9      | Noticed Maurice
 10036 | D:9      | Killed Maurice
 10055 | D:9      | Killed Prince Ribbit
 10362 | D:9      | Identified the +1 hand axe of Duty {pain, Int-2 SInv Stlth+} (You took it off a gnoll on level 9 of the Dungeon)
 10513 | D:9      | Found a hazy altar of Hepliaklqana.
 10681 | D:10     | Entered Level 10 of the Dungeon
 10857 | D:10     | Reached ** piety under Ashenzari
 11770 | D:11     | Noticed a brown ugly thing
 11816 | D:10     | Killed a brown ugly thing
 11919 | D:11     | Found a flagged portal.
 11943 | Bailey   | Entered a bailey
 12708 | Bailey   | Reached XP level 12. HP: 84/84 MP: 12/12
 13131 | D:11     | Reached skill level 5 in Shields
 13289 | D:11     | Noticed Erolcha
 13289 | D:11     | Noticed a two-headed ogre
 13329 | D:11     | Killed a two-headed ogre
 13329 | D:11     | Reached skill level 6 in Shields
 13332 | D:11     | Killed Erolcha
 13332 | D:11     | Reached skill level 10 in Armour
 13528 | D:11     | Noticed Urug
 13561 | D:11     | Killed Urug
 13561 | D:11     | Reached skill level 7 in Shields
 13645 | D:11     | Found a staircase to the Orcish Mines.
 13882 | D:11     | Noticed a six-headed hydra
 13910 | D:11     | Killed a six-headed hydra
 13910 | D:11     | Reached skill level 8 in Shields
 14253 | D:11     | Noticed a death knight
 14316 | D:11     | Killed a death knight
 14785 | D:11     | Reached skill level 9 in Shields
 14909 | Lair:1   | Entered Level 1 of the Lair of Beasts
 15074 | Lair:1   | Reached *** piety under Ashenzari
 15193 | Lair:1   | Reached skill level 10 in Shields
 15193 | Lair:1   | Reached XP level 13. HP: 91/91 MP: 13/13
 15452 | Lair:1   | Gained mutation: You occasionally shout uncontrollably at your foes. [potion of mutation]
 15452 | Lair:1   | Gained mutation: You have a pair of small horns on your head. [potion of mutation]
 15954 | Lair:2   | Reached skill level 11 in Shields
 16007 | Lair:2   | Found a hole to the Spider Nest.
 16171 | Lair:2   | Identified a scroll of acquirement
 16171 | Lair:2   | Identified the cursed amulet "Ficeavu" {Harm *Drain Dex+2} (You acquired it on level 2 of the Lair of Beasts)
 16580 | Lair:2   | Reached **** piety under Ashenzari
 17619 | Lair:3   | Reached skill level 15 in Fighting
 17875 | Lair:4   | Reached skill level 12 in Shields
 18061 | Lair:4   | Reached ***** piety under Ashenzari
 18836 | Lair:4   | Found a staircase to the Swamp.
 19191 | Lair:4   | Identified the Almanac of Contamination and Flames
 19399 | Lair:5   | Reached skill level 13 in Shields
 19460 | Lair:5   | Upgraded the game from 0.22-a0-142-g91cc6d7 to 0.22-a0-147-gfdd7f25
 19641 | Lair:5   | Gained mutation: Your large and strong wings let you fly indefinitely. [Gargoyle growth]
 19641 | Lair:5   | Reached XP level 14. HP: 97/98 MP: 12/14
 19699 | Lair:5   | Found a sparkling altar of Nemelex Xobeh.
 20239 | Lair:6   | Entered Level 6 of the Lair of Beasts
 20249 | Lair:6   | Noticed KristoblXynda's ghost (journeyman DrGl)
 20395 | Lair:6   | Reached skill level 1 in Throwing
 21496 | Lair:6   | Reached skill level 14 in Shields
 21535 | Lair:6   | Found a staircase to the Slime Pits.
 21692 | Lair:6   | Killed KristoblXynda's ghost
 22898 | Lair:6   | Reached skill level 15 in Shields
 23315 | Lair:6   | Reached skill level 16 in Shields
 23457 | Lair:6   | Identified the ring "Vixuegh" {*Drain +Fly rN+ Int+3 Dex+2}
 24270 | D:12     | Reached XP level 15. HP: 99/104 MP: 15/15
 24318 | D:12     | Found a sparkling altar of Nemelex Xobeh.
 24365 | D:12     | Reached skill level 17 in Shields
 25063 | Orc:1    | Entered Level 1 of the Orcish Mines
 25069 | Orc:1    | Reached skill level 18 in Shields
 25430 | Orc:2    | Entered Level 2 of the Orcish Mines
 25525 | Orc:2    | Reached skill level 1 in Evocations
 25714 | Orc:2    | Found a staircase to the Elven Halls.
 28009 | Orc:2    | Reached skill level 19 in Shields
 28428 | Orc:2    | Found Aprehin's Assorted Antiques.
 28431 | Orc:2    | Found Unekhlob's Food Shop.
 28432 | Orc:2    | Found Ywnipa's Magic Scroll Boutique.
 28433 | Orc:2    | Found Rany's Magic Scroll Boutique.
 28436 | Orc:2    | Bought a scroll of silence for 105 gold pieces
 28436 | Orc:2    | Bought a scroll of identify for 28 gold pieces
 28439 | Orc:2    | Bought a scroll of remove curse for 42 gold pieces
 28440 | Orc:2    | Bought a wavering graven amulet for 185 gold pieces
 28440 | Orc:2    | Identified the amulet "Gyf Idor" {Gourm rPois Str+8} (You bought it in a shop on level 2 of the Orcish Mines)
 29856 | D:13     | Found a gate to the Vaults.
 30212 | D:14     | Reached XP level 16. HP: 89/110 MP: 15/18
 30246 | D:14     | Found a labyrinth entrance.
 30270 | Lab      | Entered a labyrinth
 31834 | Lab      | Reached ****** piety under Ashenzari
 31947 | Lab      | Identified the +9 falchion of Insufficient Pleasure {vamp, +Blink MR+ Str+4 SInv} (You took it off a minotaur in a labyrinth)
 31947 | Lab      | Reached skill level 15 in Armour
 31962 | Lab      | Identified the +0 hand axe of Hacking and Slashing {flame, Str-4 SInv Stlth+}
 32407 | D:14     | Reached skill level 20 in Shields
 32733 | D:14     | Found Dito's Gadget Emporium.
 33404 | D:15     | Entered Level 15 of the Dungeon
 33826 | D:15     | Noticed a storm dragon
 33826 | D:15     | a queen ant changed into a storm dragon
 33840 | D:15     | a storm dragon changed into a ghost moth
 34538 | D:15     | Found a staircase to the Depths.
 34591 | D:15     | Identified the +1 shield "Beyfuf" {rC+ Regen+} (You took it off an ogre mage on level 15 of the Dungeon)
 35076 | Swamp:1  | Entered Level 1 of the Swamp
 35215 | Swamp:1  | Noticed a thorn hunter
 35284 | Swamp:1  | Killed a thorn hunter
 35508 | Swamp:1  | Got the uncursed pair of boots of Least Resistance {rC+}
 35519 | Swamp:1  | Identified the +0 pair of boots of Least Resistance {rC+} (You found it on level 1 of the Swamp)
 35589 | Swamp:1  | Noticed Aizul
 35675 | Swamp:1  | Killed Aizul
 35815 | Swamp:1  | Reached skill level 21 in Shields
 36873 | Swamp:2  | Reached XP level 17. HP: 99/115 MP: 15/19
 37887 | Swamp:3  | Noticed tsouns's ghost (adept GnWn)
 38163 | Swamp:3  | Killed tsouns's ghost
 38226 | Swamp:3  | Noticed Bai Suzhen
 38378 | Swamp:3  | Killed Bai Suzhen
 38378 | Swamp:3  | Reached skill level 22 in Shields
 39143 | Spider:1 | Entered Level 1 of the Spider Nest
 39848 | Spider:1 | Identified the +5 long sword "Ebaphesi" {antimagic, +Inv rPois rF- Str+8}
 42457 | Spider:2 | Reached skill level 5 in Dodging
 43142 | Spider:1 | Reached XP level 18. HP: 122/122 MP: 17/20
 44041 | Spider:4 | Entered Level 4 of the Spider Nest
 44147 | Spider:4 | Noticed SnubMonkey's ghost (adept DsBe)
 44408 | Spider:4 | Killed SnubMonkey's ghost
 46771 | Spider:4 | Got a gossamer rune of Zot
 47025 | Swamp:4  | Entered Level 4 of the Swamp
 47153 | Swamp:4  | Noticed Jorgrun
 47279 | Swamp:4  | Reached skill level 5 in Evocations
 47828 | Swamp:4  | Killed Jorgrun
 47828 | Swamp:4  | Reached XP level 19. HP: 84/128 MP: 9/23
 47988 | Swamp:4  | Noticed the 27-headed Lernaean hydra
 47998 | Swamp:4  | Killed the 27-headed Lernaean hydra
 48007 | Swamp:4  | Got a decaying rune of Zot
 48611 | Vaults:1 | Entered Level 1 of the Vaults
 48871 | Vaults:1 | Found a ruined gateway.
 48884 | Desolati | Entered the Desolation of Salt
 49311 | Desolati | Got the uncursed chain mail "Nulovoin" {Dex+7}
 49312 | Desolati | Identified the +7 chain mail "Nulovoin" {Dex+7} (You found it in the Desolation of Salt)
 49885 | Desolati | Identified the +6 shortbow "Juob" {freeze, rPois}
 50222 | Desolati | HP: 4/130 [saltling (18)]
 50225 | Desolati | Slain by an imperial myrmidon

Vault maps used:
D:1:      minmay_arrival_diagonal_passages, minmay_ruptured
D:2:      first_ration, minmay_fountain_box, uniq_terence
D:4:      nicolae_overflow_hidden_temple, nicolae_ru_path_of_blood,
          portal_sewer_entry_f, serial_shops, nicolae_shop_trees, serial_glass,
          glass_columns_a, glass_columns_c, glass_columns_a, glass_columns_a,
          st_stairs_5, hangedman_decor_clover_reticule,
          kennysheep_decorative_pillar
D:5:      nicolae_dithmenos_through_a_glass_darkly, minitemple, uniq_sigmund,
          uniq_pikel
D:6:      minmay_temple_entry_overgrown, serial_shops, shop
D:7:      grunt_livestock, minmay_the_grid_2x2, uniq_menkaure
D:8:      lair_entry_dummy, serial_shops, shop, chequers_big_river,
          grunt_ministairs_9
D:9:      kennysheep_mini, uniq_prince_ribbit1, uniq_maurice
D:10:     serial_co_window_serial, co_window_paths_a,
          co_window_of_opportunity_a, co_window_of_opportunity_a,
          co_window_corner_a, co_window_paths_b, co_window_paths_b,
          co_window_corner_a, co_window_cross_4, co_window_2corner,
          co_window_of_opportunity_b, co_window_2corner
D:11:     david_orc_1_choice, enter_bailey_7,
          portal_ice_cave_entry_animals_and_master, corexii_corridor_pit,
          uniq_erolcha, uniq_urug
D:12:     nemelex_diamond_rough_becter
D:13:     erik_vaults_2, serial_bayou, serial_bayou_pond_a, serial_bayou_pond_b,
          serial_bayou_lagoon_b, serial_bayou_pond_d, serial_bayou_pond_e,
          serial_bayou_pond_e
D:14:     kb_forest_paths, lab_entry_generic, serial_shops, shop, minivault_24
D:15:     hangedman_depths_entry_civil_slaughter, fountainhead, serial_ice,
          serial_ice_l, serial_ice_d, serial_ice_g, serial_ice_a,
          minmay_misc_feat_ornament
Temple:   eino_temple_lava
Lair:1:   beast_lair_carwin_4, lemuel_fruit_tree
Lair:2:   spider_nest_entry_webs
Lair:3:   wad_woods_02
Lair:4:   minmay_swamp_entry_worms, st_stairs_4, worms_lemuel,
          grunt_megastairs_2
Lair:5:   basic_altar, cheibrodos_lair_lostbears, serial_bayou_shore_a
Lair:6:   evilmike_catoblepas_cave, minmay_slime_entry_pillars
Swamp:1:  nicolae_swamp_round_clearing, uniq_aizul
Swamp:2:  nicolae_swamp_fairy_circle, infiniplex_staircase_pool
Swamp:3:  hangedman_swamp_pad, uniq_bai_suzhen
Swamp:4:  grunt_swamp_rune_castle, uniq_jorgrun
Spider:1: spider_trap
Spider:3: nicolae_spider_shape
Spider:4: spider_rune_water
Orc:2:    st_orc_pillars
Vaults:1: v_pattern_4, nicolae_vaults_octagons, ontoclasm_vaults_ring_small,
          hangedman_vaults_stagger, nicolae_vaults_sealed_display,
          portal_desolation_entry_nicolae_nacl, uniq_donald
Lab:      labyrinth_spiral
Sewer:    sewer_co_15_rooms
Bailey:   bailey_polearm_flooded_kennysheep, bailey

Skill      XL: |  1  2  3  4  5  6  7  8  9 10 11 12 13 14 15 16 17 18 19 |
---------------+----------------------------------------------------------+-----
Maces & Flails | 3 4 5 7 9 11 12 | 12.0
Fighting       | 4 5 6 7 9 10 13 14 15 16 17 18 | 18.0
Dodging        | 1 4 5 7 8 |  8.4
Armour         | 4 6 9 11 12 14 16 17 | 17.9
Shields        | 4 10 13 16 19 21 22 | 22.9
Throwing       | 3 |  3.0
Evocations     | 3 5 7 |  7.0

Action                   |  1- 3 |  4- 6 |  7- 9 | 10-12 | 13-15 | 16-18 | 19-21 || total
-------------------------+-------+-------+-------+-------+-------+-------+-------++-------
Melee: Flail             |   100 |   143 |       |       |       |       |       ||   243
       Whip              |       |   159 |   706 |  2164 |  4017 |  6526 |   880 || 14452
       Headbutt          |       |       |       |       |  1035 |  1616 |   292 ||  2943
 Fire: Hunting sling     |       |    41 |       |       |       |       |       ||    41
Throw: Stone             |       |       |     1 |     1 |       |       |       ||     2
       Javelin           |       |       |       |       |    26 |       |       ||    26
       Tomahawk          |       |       |       |       |    18 |    13 |     8 ||    39
       Throwing net      |       |       |       |       |     1 |       |       ||     1
Invok: Curse Item        |       |       |     2 |     1 |     1 |     1 |     1 ||     6
 Abil: Fly               |       |       |       |       |     1 |       |       ||     1
Evoke: Wand              |       |       |       |       |       |     3 |     2 ||     5
       Phial of floods   |       |       |       |       |       |       |     2 ||     2
       Fan of gales      |       |       |       |       |       |       |     1 ||     1
       Lamp of fire      |       |       |       |       |       |       |     1 ||     1
  Use: Scroll            |       |     5 |       |    11 |     5 |     6 |     9 ||    36
       Potion            |       |       |     6 |     5 |     6 |    12 |    13 ||    42
 Stab: Invisible         |       |       |     2 |       |       |     6 |     2 ||    10
       Distracted        |       |       |       |     1 |       |     1 |       ||     2
       Petrified         |       |       |       |       |     2 |       |       ||     2
       Confused          |       |       |       |       |       |     1 |       ||     1
  Eat: Chunk             |     1 |     5 |    12 |    27 |    52 |    28 |     3 ||   128
       Ration            |       |     2 |       |     2 |       |    11 |     1 ||    16
Armor: Scale mail        |    47 |   132 |   241 |   706 |   495 |       |       ||  1621
       Skin              |       |       |       |    15 |       |       |       ||    15
       Plate armour      |       |       |       |       |   347 |  2471 |   231 ||  3049
       Chain mail        |       |       |       |       |       |       |   106 ||   106
Dodge: Dodged            |    32 |    89 |   185 |   455 |   510 |  1191 |   241 ||  2703
Block: Shield            |    54 |    54 |       |   193 |  1341 |  1606 |   672 ||  3920
       Buckler           |       |    20 |    87 |   223 |       |       |       ||   330
       Large shield      |       |       |       |       |   231 |  4254 |       ||  4485

Table legend:
 A = Spawn XP
 B = Non-spawn XP
 C = Spawn XP percentage of total XP
 D = Spawn monster count
 E = Non-spawn monster count
 F = Spawn count percentage of total count
 G = Total turns spent on level
                    A         B        C        D         E        F      G
               +---------+---------+-------+---------+---------+-------+---------
         Total |       0 |  365928 |   0.0 |       0 |    1385 |   0.0 | 50225
               +---------+---------+-------+---------+---------+-------+---------
           D:1 |       0 |      13 |   0.0 |       0 |      10 |   0.0 |  1033
           D:2 |       0 |     114 |   0.0 |       0 |      24 |   0.0 |   672
           D:3 |       0 |      57 |   0.0 |       0 |      16 |   0.0 |   577
           D:4 |       0 |    1144 |   0.0 |       0 |      27 |   0.0 |  1216
           D:5 |       0 |     934 |   0.0 |       0 |      15 |   0.0 |   882
           D:6 |       0 |     817 |   0.0 |       0 |      18 |   0.0 |  1091
           D:7 |       0 |    5152 |   0.0 |       0 |      59 |   0.0 |  1692
           D:8 |       0 |    3428 |   0.0 |       0 |      37 |   0.0 |  1648
           D:9 |       0 |    2224 |   0.0 |       0 |      30 |   0.0 |  1575
          D:10 |       0 |    1669 |   0.0 |       0 |      28 |   0.0 |  1359
          D:11 |       0 |   12001 |   0.0 |       0 |      47 |   0.0 |  2463
          D:12 |       0 |    9572 |   0.0 |       0 |      41 |   0.0 |  1083
          D:13 |       0 |   17777 |   0.0 |       0 |      39 |   0.0 |  1700
          D:14 |       0 |   21288 |   0.0 |       0 |      69 |   0.0 |  1849
          D:15 |       0 |   10591 |   0.0 |       0 |      31 |   0.0 |  1145
        Lair:1 |       0 |    4451 |   0.0 |       0 |      22 |   0.0 |   905
        Lair:2 |       0 |    4584 |   0.0 |       0 |      25 |   0.0 |  1312
        Lair:3 |       0 |    4714 |   0.0 |       0 |      18 |   0.0 |  1225
        Lair:4 |       0 |    8753 |   0.0 |       0 |      45 |   0.0 |  1632
        Lair:5 |       0 |    5842 |   0.0 |       0 |      25 |   0.0 |  1603
        Lair:6 |       0 |   25440 |   0.0 |       0 |      73 |   0.0 |  2670
       Swamp:1 |       0 |   12182 |   0.0 |       0 |      38 |   0.0 |  1247
       Swamp:2 |       0 |   12327 |   0.0 |       0 |      39 |   0.0 |  1224
       Swamp:3 |       0 |   21858 |   0.0 |       0 |      40 |   0.0 |  1870
       Swamp:4 |       0 |   23930 |   0.0 |       0 |      44 |   0.0 |   865
      Spider:1 |       0 |   18960 |   0.0 |       0 |      62 |   0.0 |  1650
      Spider:2 |       0 |   21795 |   0.0 |       0 |      61 |   0.0 |  2108
      Spider:3 |       0 |   14877 |   0.0 |       0 |      29 |   0.0 |  1328
      Spider:4 |       0 |   38712 |   0.0 |       0 |      86 |   0.0 |  2504
         Orc:1 |       0 |    5393 |   0.0 |       0 |      37 |   0.0 |   811
         Orc:2 |       0 |   13399 |   0.0 |       0 |     107 |   0.0 |  2399
      Vaults:1 |       0 |    3626 |   0.0 |       0 |      16 |   0.0 |   273
           Lab |       0 |    1342 |   0.0 |       0 |       1 |   0.0 |  1695
         Sewer |       0 |     283 |   0.0 |       0 |      20 |   0.0 |   434
        Bailey |       0 |    2294 |   0.0 |       0 |      39 |   0.0 |  1049
    Desolation |       0 |   34385 |   0.0 |       0 |      67 |   0.0 |  1341
               +---------+---------+-------+---------+---------+-------+---------
